[Event "FRA-ch Teams Top 16-B 2022"]
[Site "Chartres"]
[Date "2022.06.14"]
[Round "6.29"]
[White "Housieaux, David"]
[Black "Rakotomaharo, Fy Antenaina"]
[Result "0-1"]
[ECO "D29"]
[WhiteElo "2412"]
[BlackElo "2467"]
[Annotator "RC"]
[PlyCount "62"]
[EventDate "2022.06.09"]
[EventType "team-tourn"]
[EventCountry "FRA"]
[SourceTitle "playchess.com"]
[Source "ChessBase"]
[SourceQuality "1"]
[TimeControl "40/5400+30:1800+30"]

1. Nf3 Nf6 2. c4 e6 3. Nc3 d5 4. e3 dxc4 5. Bxc4 a6 6. O-O b5 7. Bb3 Bb7 8. Qe2 Nbd7 9. Rd1 c5 10. d4 Qc7 11. d5 c4 12. dxe6 fxe6 13. Bc2 Bc5 14. a4 b4 15. Qxc4 Bxf3 16. gxf3 bxc3 17. b4 Bd6 18. Qxe6+ Be7 19. Bb3 Kd8 20. Rd4 Rb8 21. Ba3 a5 22. Rad1 Bxb4 23. Bc1 Bc5 24. R4d3 Rb6 25. Qc4 Bd6 26. Qf7 Nc5 27. Rxc3 Rxb3 28. Rxb3 Qxf7 29. Rb8+ Kc7 30. Rxh8 Qg6+ 31. Kf1 Qc2 0-1

[Event "FRA-ch Teams Top 16-B 2022"]
[Site "Chartres"]
[Date "2022.06.14"]
[Round "6.30"]
[White "Riff, Jean-Noel"]
[Black "Marcelin, Cyril"]
[Result "1/2-1/2"]
[ECO "B15"]
[WhiteElo "2444"]
[BlackElo "2440"]
[Annotator "RC"]
[PlyCount "27"]
[EventDate "2022.06.09"]
[EventType "team-tourn"]
[EventCountry "FRA"]
[SourceTitle "playchess.com"]
[Source "ChessBase"]
[SourceQuality "1"]
[TimeControl "40/5400+30:1800+30"]

1. e4 c6 2. d4 d5 3. Nc3 dxe4 4. Nxe4 Nf6 5. Nxf6+ exf6 6. c3 Bd6 7. Bd3 O-O 8. Qc2 Re8+ 9. Ne2 h5 10. O-O h4 11. h3 Nd7 12. c4 Nf8 13. Bd2 f5 14. Rfe1 1/2-1/2

[Event "FRA-ch Teams Top 16-B 2022"]
[Site "Chartres"]
[Date "2022.06.14"]
[Round "6.31"]
[White "Dionisi, Thomas"]
[Black "Sokolov, Andrei"]
[Result "1-0"]
[ECO "B81"]
[WhiteElo "2408"]
[BlackElo "2516"]
[Annotator "RC"]
[PlyCount "143"]
[EventDate "2022.06.09"]
[EventType "team-tourn"]
[EventCountry "FRA"]
[SourceTitle "playchess.com"]
[Source "ChessBase"]
[SourceQuality "1"]
[TimeControl "40/5400+30:1800+30"]

1. e4 c5 2. Nf3 d6 3. d4 cxd4 4. Nxd4 Nf6 5. Nc3 e6 6. g4 h6 7. Be3 a6 8. Be2 Nc6 9. h4 d5 10. exd5 Nxd5 11. Nxd5 Qxd5 12. Bf3 Qa5+ 13. c3 Ne5 14. Bg2 Nc4 15. Qb3 Nxe3 16. fxe3 Bd6 17. O-O-O O-O 18. g5 hxg5 19. hxg5 Qxg5 20. Qc2 g6 21. Qe4 f5 22. Qf3 Be5 23. Rdg1 Bg7 24. Qh3 Qf6 25. Bf3 Bd7 26. Qh7+ Kf7 27. Rxg6 Qxg6 28. Bh5 Qxh5 29. Qxh5+ Ke7 30. Qg6 Bxd4 31. Rh7+ Kd6 32. exd4 Rad8 33. Qg3+ f4 34. Qg5 b6 35. Qe7+ Kc7 36. Rf7 Rxf7 37. Qxf7 Kc8 38. Qxf4 Bc6 39. Qf7 Bd7 40. Qg7 a5 41. Kd2 a4 42. c4 b5 43. c5 Bc6 44. Kc3 Bd5 45. Kb4 Bc6 46. Kc3 Bd5 47. Qe7 Rd7 48. Qe8+ Kc7 49. b3 axb3 50. axb3 Bc6 51. Qxe6 Kb7 52. Qf6 Rd5 53. Qf4 Rd7 54. Qf5 Rd5 55. Qf1 Rd8 56. Qg1 Kc7 57. Kd3 Kb7 58. Qg7+ Rd7 59. Qf8 Rd5 60. Ke3 Rd7 61. Qf6 Rd5 62. Qe6 Kc7 63. Kd3 Kb7 64. Qe1 Kc8 65. Qa5 Rg5 66. Qa6+ Kd7 67. Qa7+ Kc8 68. Ke3 Rg3+ 69. Kf4 Rxb3 70. Ke5 Rh3 71. Qg7 Kb8 72. Kd6 1-0

[Event "FRA-ch Teams Top 16-B 2022"]
[Site "Chartres"]
[Date "2022.06.14"]
[Round "6.32"]
[White "Navrotescu, Andreea"]
[Black "Monpeurt, Cyrielle"]
[Result "1-0"]
[ECO "A22"]
[WhiteElo "2318"]
[BlackElo "2172"]
[Annotator "RC"]
[PlyCount "175"]
[EventDate "2022.06.09"]
[EventType "team-tourn"]
[EventCountry "FRA"]
[SourceTitle "playchess.com"]
[Source "ChessBase"]
[SourceQuality "1"]
[TimeControl "40/5400+30:1800+30"]

1. c4 c6 2. e4 e5 3. Nf3 Nf6 4. Nc3 Bb4 5. Nxe5 O-O 6. Be2 Re8 7. Nd3 Bxc3 8. dxc3 Nxe4 9. O-O d5 10. Nf4 dxc4 11. Bxc4 Qxd1 12. Rxd1 Bf5 13. f3 Nf6 14. g4 Be6 15. Nxe6 fxe6 16. Rd6 Kf7 17. a4 Nbd7 18. Bf4 Nb6 19. Bb3 Nbd5 20. Bg3 Rad8 21. a5 Rxd6 22. Bxd6 a6 23. c4 Ne7 24. g5 Nd7 25. Rd1 Nf5 26. Bf4 Re7 27. Bc2 g6 28. b4 e5 29. Bd2 Nf8 30. Kf2 Ne6 31. Bc1 Ned4 32. Be4 Ke6 33. Bb2 Rd7 34. Bb1 Rf7 35. c5 Rf8 36. Re1 Nh4 37. Bxd4 Nxf3 38. Ba2+ Kd7 39. Be3 Nxe1+ 40. Kxe1 Rf3 41. Bf2 Rf4 42. Bg8 Ke7 43. Ke2 Rxb4 44. Kd3 Rf4 45. Be1 Rg4 46. Bg3 Rd4+ 47. Ke3 Ra4 48. Bxe5 Kf8 49. Be6 Rxa5 50. Bc7 Rb5 51. Bc4 Rb1 52. Bd6+ Kg7 53. Bd3 Rb4 54. Bc7 Kf7 55. Be4 Ke6 56. h4 Rb3+ 57. Kf4 Rh3 58. Kg4 Re3 59. Bb1 Kf7 60. h5 gxh5+ 61. Kxh5 Rh3+ 62. Kg4 Rh1 63. Be4 Rg1+ 64. Kf4 Kg8 65. Kf5 Kf7 66. Kf4 Kg8 67. Bf5 Re1 68. Bb6 Kg7 69. Bc8 Rf1+ 70. Ke5 Rg1 71. Bd8 Rb1 72. Bb6 Rg1 73. Bxb7 Rxg5+ 74. Kd6 Rg6+ 75. Kc7 h5 76. Bxc6 h4 77. Bd5 Rg5 78. Be6 Rg3 79. c6 h3 80. Bd4+ Kg6 81. Be5 Re3 82. Kd6 Rd3+ 83. Kc5 Re3 84. Kd5 Re1 85. Bxh3 Rd1+ 86. Kc5 Rc1+ 87. Kb6 a5 88. c7 1-0

[Event "FRA-ch Teams Top 16-B 2022"]
[Site "Chartres"]
[Date "2022.06.15"]
[Round "7.1"]
[White "Erigaisi Arjun"]
[Black "Esipenko, Andrey"]
[Result "1/2-1/2"]
[ECO "E59"]
[WhiteElo "2675"]
[BlackElo "2709"]
[Annotator "TA"]
[PlyCount "70"]
[EventDate "2022.06.09"]
[EventType "team-tourn"]
[EventCountry "FRA"]
[SourceTitle "playchess.com"]
[Source "ChessBase"]
[SourceQuality "1"]
[TimeControl "40/5400+30:1800+30"]

1. d4 Nf6 2. c4 e6 3. Nc3 Bb4 4. e3 O-O 5. Bd3 d5 6. a3 Bxc3+ 7. bxc3 dxc4 8. Bxc4 c5 9. Nf3 Qc7 10. Be2 b6 11. O-O {[%emt 0:00:25] 11.Bb2 injects fresh life into this line.} Nc6 12. Bb2 Rd8 {[%emt 0:04:02] E59: Nimzo-Indian: Rubinstein: Main Line: 7...Nc6 8 a3 Bxc3 9 bxc3 dxc4.} 13. c4 Bb7 14. Rc1 Rac8 15. Re1 {[%emt 0:00:14] [#]} Ne7 $146 ({Predecessor:} 15... Na5 16. Ne5 Qe7 17. Bf1 h6 18. Bc3 Nd7 19. Nxd7 Qxd7 20. dxc5 Qe7 21. Qc2 Qxc5 {½-½ (21) Salvador Marques,C (2430)-Oudheusden,W (2432) ICCF email 2019}) 16. Ne5 Ng6 17. Nd3 Ne4 18. Bf1 Nd6 19. d5 exd5 20. cxd5 Bxd5 {[%emt 0:05:00] With the idea ...Nc4.} 21. Nxc5 $1 Nc4 22. Nd3 Nxb2 23. Nxb2 Qb7 {[%emt 0:02:26][%cal Od5g2] [#] And now ...Bxg2! would win.} 24. Qa4 Qe7 25. Nd3 Ba8 26. Qa6 Rxc1 27. Rxc1 Qd7 28. Rc4 Qe7 {[%emt 0:04:28] The position is equal.} 29. Rc8 Rf8 30. h3 h6 31. Rxf8+ Nxf8 32. Qc8 Be4 33. a4 Qd7 34. Qc4 Bd5 35. Qb4 Ne6 {[%emt 0:04:06] An interesting draw.  Weighted Error Value: White=0.04 (flawless) /Black=0.04 (flawless)} 1/2-1/2

[Event "FRA-ch Teams Top 16-B 2022"]
[Site "Chartres"]
[Date "2022.06.15"]
[Round "7.2"]
[White "Alekseenko, Kirill"]
[Black "Nihal Sarin"]
[Result "1/2-1/2"]
[ECO "C43"]
[WhiteElo "2698"]
[BlackElo "2646"]
[Annotator "TA"]
[PlyCount "62"]
[EventDate "2022.06.09"]
[EventType "team-tourn"]
[EventCountry "FRA"]
[SourceTitle "playchess.com"]
[Source "ChessBase"]
[SourceQuality "1"]
[TimeControl "40/5400+30:1800+30"]

1. e4 e5 2. Nf3 Nf6 3. d4 Nxe4 4. Bd3 d5 5. Nxe5 Nd7 6. O-O Nxe5 7. dxe5 Nc5 {[%emt 0:00:02] C43: Petroff Defence: 3 d4.} 8. Be3 c6 9. f4 Nxd3 {[%emt 0:00:00] The position is equal.} 10. Qxd3 g6 11. Nc3 Bf5 12. Qe2 h5 {[%emt 0:00:00] [#] Inhibits g4.} 13. Qf2 $146 ({Predecessor:} 13. h3 h4 14. Bf2 Be7 15. Nd1 Qd7 16. Ne3 Be4 17. Rad1 Qe6 18. c4 O-O-O 19. cxd5 cxd5 {0-1 (54) Ziatdinov,R (2213)-Keosidi,K (2404) Chess.com INT 2020}) 13... b6 14. Ne2 Qd7 15. Ng3 Be7 16. Nxf5 Qxf5 17. c3 O-O 18. Rae1 Rad8 19. b4 Rc8 20. Qf3 Rfd8 21. h3 h4 22. Bf2 c5 23. e6 {[%emt 0:13:12] [#] Black must now prevent Re5.} Bf6 {[%emt 0:00:00] Inhibits Re5.} ({Resist} 23... fxe6 24. Re5 Qf7 25. Qg4 $14) 24. exf7+ Kxf7 25. bxc5 bxc5 26. Rb1 d4 27. cxd4 cxd4 28. Rb7+ Rd7 29. Rd1 Rcd8 30. Rxd7+ ({Much worse is} 30. Bxd4 Kg8 31. Qb3+ Qd5 32. Bxf6 Qxb3 33. axb3 Rxd1+ 34. Kh2 R8d7 35. Rb8+ Kf7 36. Bxh4 R1d4 $17) 30... Rxd7 31. Rd3 Qd5 {[%emt 0:11:30] An even fight not without its subleties.  Weighted Error Value: White=0.01 (flawless) /Black=0.01 (flawless)} 1/2-1/2

[Event "FRA-ch Teams Top 16-B 2022"]
[Site "Chartres"]
[Date "2022.06.15"]
[Round "7.3"]
[White "Mendonca, Leon Luke"]
[Black "Gozzoli, Yannick"]
[Result "1-0"]
[ECO "D32"]
[WhiteElo "2551"]
[BlackElo "2591"]
[Annotator "TA"]
[PlyCount "173"]
[EventDate "2022.06.09"]
[EventType "team-tourn"]
[EventCountry "FRA"]
[SourceTitle "playchess.com"]
[Source "ChessBase"]
[SourceQuality "1"]
[TimeControl "40/5400+30:1800+30"]

1. d4 d5 2. c4 e6 3. Nc3 Nf6 4. Nf3 c5 5. cxd5 exd5 6. Bg5 Be6 7. e3 c4 {[%emt 0:01:19] D32: Tarrasch Defence: Sidelines and lines without g3.} 8. Be2 Bb4 9. O-O Nbd7 {[%emt 0:00:36] White is slightly better.} 10. Bxf6 Qxf6 {[%emt 0:02:38] [#]} 11. e4 $146 ({Predecessor:} 11. a3 Bxc3 12. bxc3 O-O 13. Nd2 Qg6 14. Bf3 f5 15. Qb1 Rab8 16. Bd1 b5 17. a4 bxa4 {1-0 (64) Trifunovic,P-Van Scheltinga,T Birmingham 1951}) 11... Bxc3 12. bxc3 O-O 13. Rb1 (13. e5 $5 Qe7 14. Re1 $11) 13... Rab8 14. Nd2 b5 15. Bf3 Qg5 16. Re1 a6 17. a4 h6 18. g3 Nf6 19. e5 Ne8 20. Nf1 Nc7 21. Bg2 f5 (21... Bg4 $11 22. f3 Bf5) 22. exf6 ({White should play} 22. f4 $14 Qe7 23. axb5) 22... Qxf6 $11 23. f4 Bf5 24. Rb2 Bd3 25. Re5 b4 26. Rxb4 (26. Ne3 $2 bxc3 27. Rc2 (27. Rxb8 $2 Rxb8 28. Qg4 Kh7 $19) 27... Qb6 $19) 26... Rxb4 27. cxb4 Qb6 28. Ne3 Qxd4 {[%emt 0:00:34] Strongly threatening ...Re8.} 29. Kh1 Rd8 30. h4 Qb2 (30... Qb6 $11 {remains equal.}) 31. Re7 $1 $16 (31. Nxd5 Nxd5 32. Rxd5 (32. Bxd5+ $2 Rxd5 33. Re8+ Kh7 $19) 32... Re8 $17) 31... d4 $2 (31... Ne8 $16) 32. Ng4 $1 $18 ({Worse is} 32. Nxc4 Bxc4 33. Rxc7 Bf7 $11) 32... Ne8 $2 {[%emt 0:00:06] [#]} (32... Qb1 33. Qxb1 Bxb1) 33. Nxh6+ $1 gxh6 34. Qh5 {[%emt 0:00:29] Qf7+ would kill now.} Qb1+ 35. Kh2 Bg6 {[%emt 0:07:09] Against Qf7+} 36. Bd5+ $2 ({White must play} 36. Qa5 $1 $18 Rb8 37. Qe5) 36... Rxd5 $14 37. Qxd5+ Kf8 38. Qc5 {[%emt 0:00:25] The board is on fire.} Kg8 39. Qxc4+ Kf8 40. Qc5 Qc2+ 41. Qxc2 Bxc2 42. Rd7 d3 $1 43. Kg2 Nf6 (43... h5 $1 $14) 44. Rd4 $1 $16 {[%emt 0:00:40] And now b5 would win.} Bxa4 45. Rxd3 Bc6+ 46. Kf2 Ke7 47. Ke3 (47. Ra3 $16) 47... Bb5 (47... Nd5+ $14 48. Kd4 Nxb4) 48. Rd1 $1 Ke6 49. Rd8 (49. Kd4 $16) 49... Kf5 (49... h5 $14) 50. Kd4 $1 h5 51. Rf8 $2 (51. Rc8 $1 $16) 51... Ke6 (51... Be8 $1 $11 {keeps the balance.}) 52. Ra8 (52. Rb8 $1 $16) 52... Kf5 (52... Ne8 $1 $14) 53. Ra7 (53. Rc8 $16) 53... Ne4 $14 54. Rg7 Bf1 $2 {[%emt 0:01:26] [#]} ({Better is} 54... Kf6 $14 55. Rg8 Kf7) 55. Rg8 (55. g4+ $1 $18 hxg4 56. h5) 55... Be2 56. Rf8+ Nf6 57. Rf7 Bb5 {[%emt 0:01:20] [#]} 58. Re7 $1 {[%emt 0:00:26] Threatens to win with Re5+. White is more active.} Kg6 $2 (58... Ng4 $16 {is tougher.} 59. Rg7 Kf6) 59. Re6 $18 Kf5 60. Re5+ Kg6 61. f5+ Kf7 62. Re6 Ng4 63. Ke4 Bc4 64. Rd6 Ke7 65. Rd4 Bb5 66. Kf4 Nf6 67. Rd1 Be8 68. Re1+ Kf7 69. Kg5 {[%emt 0:00:26] aiming for Re6.} Bd7 {[%emt 0:00:28] Inhibits Re6.} 70. Ra1 Bb5 71. Rc1 Ne4+ 72. Kf4 Nf2 {[%emt 0:00:09] White must now prevent ...Nd3+.} 73. Rc8 Kf6 74. Rf8+ Kg7 75. Rb8 Kf6 76. Rb6+ Kf7 (76... Kg7 {keeps fighting.} 77. Rg6+ Kh7) 77. Rh6 Nd3+ $2 (77... Be2 78. Rh7+ Kg8) 78. Kg5 Nxb4 79. Rh7+ Kg8 80. Rb7 Nd5 81. Kxh5 {[%emt 0:00:00] Kg6 is the strong threat.} Be8+ 82. Kg5 a5 83. h5 {[%emt 0:00:00][%cal Bh4h5,Bh5h6,Bh6h7][%mdl 32] Threatening mate with h6.} a4 84. h6 {[%emt 0:00:14] White mates.} Nc3 85. h7+ Kh8 86. Re7 Bc6 87. Kh6 {[%emt 0:00:11] Weighted Error Value: White=0.21 (precise) /Black=0.51} 1-0

[Event "FRA-ch Teams Top 16-B 2022"]
[Site "Chartres"]
[Date "2022.06.15"]
[Round "7.4"]
[White "Moussard, Jules"]
[Black "Burri, Quentin"]
[Result "1/2-1/2"]
[ECO "B63"]
[WhiteElo "2651"]
[BlackElo "2401"]
[Annotator "TA"]
[PlyCount "155"]
[EventDate "2022.06.09"]
[EventType "team-tourn"]
[EventCountry "FRA"]
[SourceTitle "playchess.com"]
[Source "ChessBase"]
[SourceQuality "1"]
[TimeControl "40/5400+30:1800+30"]

1. e4 c5 2. Nf3 d6 3. d4 cxd4 4. Nxd4 Nf6 5. Nc3 Nc6 6. Bg5 e6 7. Qd2 Be7 8. O-O-O Nxd4 {[%emt 0:00:16] 8...a6 is becoming the main line.} 9. Qxd4 O-O 10. h4 {[%emt 0:00:22] B63: Sicilian: Richter-Rauzer: 7...Be7 and unusual Black 7th moves.} h6 {[%emt 0:01:29] ...e5 is the strong threat.} 11. f3 e5 {[%emt 0:12:47] [#]} 12. Qf2 $146 {[%emt 0:01:44] White is slightly better.} ({Predecessor:} 12. Qg1 Be6 13. Kb1 Rc8 14. Bxf6 Bxf6 15. Qxa7 Bxh4 16. Nd5 Bg5 17. g3 Ra8 18. Qf2 Rxa2 {0-1 (68) Van Osch,M (2296)-Cicak,S (2496) Germany 2018}) 12... Be6 (12... hxg5 13. hxg5) 13. Bxf6 Bxf6 14. Nd5 Rc8 15. a3 Rc5 16. b4 Rc8 17. Kb2 a5 18. c3 Be7 (18... axb4 {looks sharper.} 19. axb4 Bxd5 20. Rxd5 Qc7) 19. g3 axb4 20. axb4 Qd7 (20... Bxd5 $15 21. Rxd5 Qc7) 21. Qb6 Rc6 22. Bb5 Rxb6 23. Bxd7 Bxd5 24. Rxd5 Ra6 25. Bb5 Ra7 26. Bc4 b6 (26... Rc8 $14 {might be stronger.} 27. Bb3 b6) 27. Rhd1 {[%emt 0:06:07] White is more active.} ({White should try} 27. Rdd1 $16) 27... Rc8 $14 28. Bb3 Rac7 29. R1d3 g6 30. Rb5 Rb8 31. Bd5 Kg7 32. c4 Ra7 33. Rc3 Bd8 34. Rd3 Be7 35. Rb3 Bd8 $1 36. Kb1 Bc7 37. Bc6 Bd8 38. Rd5 Rc8 39. b5 Be7 40. Rdd3 Rcc7 41. Ra3 Rxa3 42. Rxa3 $11 {[%emt 0:00:08][%mdl 4096] Endgame KRB-KRB} d5 $1 43. Ra6 dxe4 44. fxe4 Bc5 45. g4 {[%emt 0:00:06] Against f5} (45. Kc2 $11) 45... Re7 (45... f5 $15 46. gxf5 (46. exf5 gxf5 47. gxf5 Kf6 $15) 46... gxf5 47. exf5 Kf6) 46. Bd5 {[%emt 0:01:55] The position is equal.} Rc7 47. Kc2 Re7 48. Kd3 Rc7 49. Ke2 Re7 50. Kf3 Rc7 51. g5 hxg5 52. hxg5 Re7 53. Kg4 Rc7 54. Ra1 Bd4 55. Rf1 Ra7 56. Rf6 Bc5 57. Rc6 Bd4 58. Rc8 Ra1 59. Rc7 Rf1 60. Kh3 Be3 61. Kg2 Rf2+ 62. Kg3 {[%emt 0:00:39][%cal Oc4c5] [#] Hoping for c5!} Rf1 63. Rd7 Bc5 (63... Bxg5 $2 64. c5 bxc5 65. b6 $18) 64. Rc7 Bd4 65. Ra7 Bc5 66. Kg2 Rf2+ 67. Kh3 Rf1 68. Rc7 Bd4 69. Re7 Kf8 70. Rd7 Kg7 71. Rd8 Rg1 72. Kh2 Rg4 73. Kh3 Rg1 74. Re8 Rxg5 75. Re7 Rg1 76. Rxf7+ Kh6 77. Kh2 Rg4 78. Rf3 {[%emt 0:00:39] Weighted Error Value: White=0.09 (flawless) /Black=0.09 (flawless)} 1/2-1/2

[Event "FRA-ch Teams Top 16-B 2022"]
[Site "Chartres"]
[Date "2022.06.15"]
[Round "7.5"]
[White "Papadiamandis, Elliot"]
[Black "Cornette, Matthieu"]
[Result "0-1"]
[ECO "B31"]
[WhiteElo "2373"]
[BlackElo "2570"]
[Annotator "TA"]
[PlyCount "60"]
[EventDate "2022.06.09"]
[EventType "team-tourn"]
[EventCountry "FRA"]
[SourceTitle "playchess.com"]
[Source "ChessBase"]
[SourceQuality "1"]
[TimeControl "40/5400+30:1800+30"]

1. e4 c5 2. Nf3 Nc6 3. Nc3 g6 4. Bb5 Bg7 5. O-O d6 6. e5 dxe5 {[%emt 0:00:08] B31: Sicilian: 2...Nc6 3 Bb5 g6.} 7. Bxc6+ bxc6 8. Re1 Qc7 {[%emt 0:00:38] White has an edge.} 9. d3 c4 10. dxc4 (10. h3 $11) 10... f5 $15 11. Be3 (11. g3 $15) 11... e4 $17 12. Bd4 {[%emt 0:18:38] [#]} Nf6 $1 (12... e5 $6 13. Nxe5 Nf6 14. g3 $11) 13. Be5 Qa5 {[%emt 0:04:46] [#]} 14. a3 $146 ({Predecessor:} 14. Bxf6 Bxf6 15. Nd4 Qc5 16. Nb3 Qxc4 17. Qd2 O-O 18. Qe3 a5 19. Rad1 a4 20. Nd4 {0-1 (55) Rog,B (1867)-Fiszer,B (2216) Uniejow 2021}) 14... exf3 15. Qxf3 Qa6 16. Bd6 e6 17. Nb5 {[%emt 0:07:46] [#]} (17. b3 $17) 17... cxb5 $1 $19 18. Qxa8 {[%emt 0:00:05] And now Rxe6+ would win.} Kf7 ({Stronger than} 18... Qxd6 19. Qxc8+ Ke7 20. Qb7+ Qd7 21. Qxb5 $15) ({Don't do} 18... bxc4 19. Rxe6+ Kd7 20. Re7+ (20. Rae1 Bb7 $16) 20... Kxd6 21. Rxa7 $16 (21. Rxg7 Qb6 $16)) 19. cxb5 (19. Bb8 {might work better.}) 19... Qxd6 20. Qxa7+ Qd7 21. Qa4 (21. Qxd7+ $142 Nxd7 22. c3) 21... Bb7 {[%emt 0:02:20] Threatens to win with ...Qd5. Black is clearly winning.} 22. Rad1 {[%emt 0:02:18] Inhibits Qd5.} Qc7 {[%emt 0:00:34] ...Ng4 is the strong threat.} 23. h3 {[%emt 0:12:40] Inhibits Ng4.} Ra8 24. Qb3 Bd5 25. Qd3 Ne4 26. c4 {[%emt 0:00:00] [#]} Qc5 27. Qe3 (27. Qc2 Ke7) 27... Qxc4 28. Rc1 Qxb5 29. Rc7+ Kg8 30. Qc1 Qxb2 {[%emt 0:00:57] Black took control after the opening.  Weighted Error Value: White=0.48/Black=0.04 (flawless)} 0-1

[Event "FRA-ch Teams Top 16-B 2022"]
[Site "Chartres"]
[Date "2022.06.15"]
[Round "7.6"]
[White "Movsesian, Sergei"]
[Black "Rakotomaharo, Fy Antenaina"]
[Result "1-0"]
[ECO "C78"]
[WhiteElo "2600"]
[BlackElo "2467"]
[Annotator "TA"]
[PlyCount "89"]
[EventDate "2022.06.09"]
[EventType "team-tourn"]
[EventCountry "FRA"]
[SourceTitle "playchess.com"]
[Source "ChessBase"]
[SourceQuality "1"]
[TimeControl "40/5400+30:1800+30"]

1. e4 e5 2. Nf3 Nc6 3. Bb5 a6 4. Ba4 Nf6 5. O-O Bc5 6. c3 Ba7 7. d4 b5 {[%emt 0:00:24] Recently 7...0-0 got a lot of attention. C78: Ruy Lopez: Archangelsk and Möller Defences.} 8. Bb3 d6 9. h3 O-O {[%emt 0:02:30] The position is equal.} 10. Be3 Bb7 (10... Nxe4 $2 11. Bd5 Bb7 12. Bxe4 $18) 11. Nbd2 {[%emt 0:01:46] [#]} h6 $146 ({Predecessor:} 11... exd4 12. cxd4 Ne7 13. Bg5 Ng6 14. e5 dxe5 {½-½ (14) Asylov,M (2070)-Aradhya,G (2198) Novi Sad 2021}) 12. a4 exd4 13. cxd4 {[%emt 0:01:22][%cal Bc3d4,Bd4d5][%mdl 32] next axb5 is good for White.} Nb4 14. Qe2 Qd7 15. d5 {[%emt 0:05:52] And now Bxa7 would win.} Bxe3 16. Qxe3 Rfe8 {[%emt 0:00:10][%cal Rb4d5] [#] Strongly threatening ...Nbxd5!} 17. Qc3 a5 (17... c5 $5 ) 18. Rfe1 {[%emt 0:04:26] Threatens to win with axb5.} c6 19. dxc6 Bxc6 20. axb5 Bxe4 21. Nd4 $36 {[%emt 0:03:00][%mdl 2048] White has good play.} Rec8 (21... d5 $1 $11) 22. Qg3 d5 23. Rec1 Rxc1+ 24. Rxc1 {[%emt 0:00:04] Hoping for Rc7.} Qa7 25. Qe3 Bd3 26. Ba4 Qb6 {[%emt 0:04:23] [#]} 27. N2f3 (27. Nc6 $1 $16 Qxe3 28. fxe3) 27... Be4 (27... Re8 $5 28. Ne5 Qd6 $11) 28. Nd2 Bd3 {[%emt 0:00:36] White must now prevent ...Re8.} 29. N2f3 Be4 30. Ne5 Re8 31. f4 (31. Ndc6 $5 d4 32. Qd2 Nxc6 33. Nxc6 $11) 31... Nh5 {[%emt 0:02:01][%cal Oh5f4] aiming for ...Nxf4!} (31... g5 $5 32. fxg5 Rxe5 33. gxf6 Rg5 $11) 32. Kh2 g5 33. g3 Kh7 34. Bd1 (34. Nxf7 $2 gxf4 35. gxf4 Qg6 $19) 34... gxf4 35. gxf4 {[%emt 0:00:04] Chess con chili.} Rg8 {[%emt 0:00:15][%cal Ob6d4] ( -> ...Qxd4!)} 36. Bg4 ({But not} 36. Bxh5 $2 Rg2+ 37. Kh1 Re2+ 38. Qxe4+ Rxe4 $19) 36... Nf6 (36... Nxf4 37. Qxf4 Qd6 38. Bf5+ Bxf5 39. Qxf5+ Rg6 40. Qxf7+ Rg7 41. Qf5+ Rg6 42. b6) 37. Rg1 {[%emt 0:00:41] White is more active.} Nxg4+ 38. Rxg4 Rxg4 39. hxg4 f6 $2 {[%emt 0:00:54] A mistake that costs the game.} (39... Nc2 $16 {keeps fighting.} 40. Nxc2 Qxb5) 40. Nd7 $18 Qd6 41. Ne6 $1 {[%emt 0:31:15][%cal Oe3a7] Threatening mate with Qa7! Pair of Knights!} Kh8 $2 (41... Kg8) 42. Ndc5 {[%emt 0:00:00] White is clearly winning.} Nd3 43. Qd4 Qe7 44. b6 {[%emt 0:00:00] White wants to mate with b7.} ({Weaker is} 44. Nxd3 Bxd3 45. Qxd3 (45. Qxd5 Bxb5 46. Kh3 Be8 $11) 45... Qxe6 $14) 44... Nxc5 45. Qxc5 {[%emt 0:00:00] Weighted Error Value: White=0.36/Black=0.19 (very precise)} 1-0

[Event "FRA-ch Teams Top 16-B 2022"]
[Site "Chartres"]
[Date "2022.06.15"]
[Round "7.7"]
[White "Sokolov, Andrei"]
[Black "Degraeve, Jean-Marc"]
[Result "1/2-1/2"]
[ECO "B06"]
[WhiteElo "2516"]
[BlackElo "2520"]
[Annotator "TA"]
[PlyCount "33"]
[EventDate "2022.06.09"]
[EventType "team-tourn"]
[EventCountry "FRA"]
[SourceTitle "playchess.com"]
[Source "ChessBase"]
[SourceQuality "1"]
[TimeControl "40/5400+30:1800+30"]

1. e4 c5 2. Nf3 g6 3. c3 d5 4. exd5 Qxd5 5. d4 Bg7 6. Be3 cxd4 7. cxd4 {[%emt 0:00:00] The position is equal.} Qd8 {[%emt 0:00:18] B06: Modern Defence.} 8. Nc3 Nh6 9. d5 {[%emt 0:00:00] [#]} O-O $146 ({Predecessor:} 9... Nf5 10. Bf4 O-O 11. Bc4 a6 12. O-O b5 13. Bb3 Nd7 14. Re1 Bb7 15. Qe2 Nf6 {1-0 (72) Padeiro,J (2208)-Guerra Costa,J (2209) Vila Nova de Gaia 2004}) 10. Be2 Bg4 11. Nd4 Bxe2 12. Qxe2 Qd7 {[%emt 0:00:09] Prevents g4.} 13. h3 Nf5 14. Nxf5 Qxf5 15. Rd1 Nd7 16. O-O a6 17. Rfe1 {[%emt 0:00:00] An uneventful encounter.  Weighted Error Value: White=0.03 (flawless) /Black=0.03 (flawless)} 1/2-1/2